 Dungeon Crawl Stone Soup version 0.21-a0-39-g28ea6b7 (webtiles) character file.

1362 KristoblXynda the Magician (level 8, 0/57 HPs)
             Began as a Grey Draconian Venom Mage on June 1, 2017.
             Was an Initiate of Yredelemnul.
             Slain by an iguana (12 damage)
             ... on level 5 of the Dungeon.
             The game lasted 00:16:03 (5731 turns).

KristoblXynda the Magician (DrVM)                   Turns: 5731, Time: 00:16:04

Health: 0/57       AC: 13    Str: 12    XL:     8   Next: 37%
Magic:  4/16       EV: 12    Int: 17    God:    Yredelemnul [......]
Gold:   110        SH:  0    Dex: 11    Spells: 14/18 levels left

rFire    . . .     SeeInvis .   s - +1 dagger (flame)
rCold    . . .     Gourm    .   (no shield)
rNeg     . . .     Faith    .   (armour unavailable)
rPois    .         Spirit   .   (helmet restricted)
rElec    .         Reflect  .   (no cloak)
rCorr    .         Harm     .   h - +1 pair of gloves
MR       .....                  (no boots)
Stlth    ++........             (no amulet)
Regen    0.2/turn               (no ring)
MPRegen  0.2/turn               (no ring)

@: very slightly contaminated
A: walk through water, unfitting armour, unbreathing, cold-blooded, AC +11
a: Renounce Religion


You were on level 5 of the Dungeon.
You worshipped Yredelemnul.
Yredelemnul was noncommittal.
You were not hungry.

You visited 2 branches of the dungeon, and saw 6 of its levels.

You collected 110 gold pieces.

Inventory:

Hand Weapons
 s - a +1 dagger of flaming (weapon)
Missiles
 i - 3 javelins (quivered)
Armour
 h - a +1 pair of gloves (worn)
Jewellery
 d - a +3 ring of dexterity {unknown}
Scrolls
 e - a scroll of amnesia
 f - a scroll of teleportation
 g - a scroll of enchant armour
 j - 2 scrolls of blinking
 r - a scroll of recharging
Potions
 c - a potion of cancellation
 l - a potion of heal wounds
 m - a potion of might
 n - a potion of lignification
 o - 4 potions of curing
 p - 4 potions of brilliance
Books
 a - a Young Poisoner's Handbook

   Spells                             Type                      Level
   a - Sting                          Conjuration/Poison           1
   b - Poisonous Vapours              Poison/Air                   2
   c - Mephitic Cloud                 Conjuration/Poison/Air       3
   d - Olgreb's Toxic Radiance        Poison                       4
   e - Venom Bolt                     Conjuration/Poison           5
Comestibles
 b - 3 bread rations


   Skills:
 + Level 4.6 Short Blades
 - Level 1.7 Dodging
 - Level 1.7 Stealth
 - Level 3.7 Unarmed Combat
 + Level 5.7 Spellcasting
 + Level 5.6 Conjurations
 - Level 3.0 Poison Magic


You had 14 spell levels left.
You knew the following spells:

 Your Spells              Type           Power        Failure   Level  Hunger
a - Sting                 Conj/Pois      ###.         2%          1    None
b - Mephitic Cloud        Conj/Pois/Air  ##......     12%         3    ##.....


Dungeon Overview and Level Annotations

Branches:
Dungeon (5/15)             Temple (1/1) D:5

Altars:
Ashenzari
Dithmenos
Elyvilon
Fedhas
Gozag
Kikubaaqudgha
Makhleb
Nemelex Xobeh
Okawaru
Sif Muna
Uskayaw
Vehumet
Wu Jian
Yredelemnul
Zin
The Shining One

Annotations:
D:4 Borgoz's ghost, amateur GrAK


Innate Abilities, Weirdness & Mutations

You can walk through water.
Your dull iron-grey scales are very hard. (AC +11)
You cannot fit into any form of body armour.
You can survive without breathing.
You are cold-blooded and may be slowed by cold attacks.


Message History

You kill the sky beast!
Yredelemnul accepts your kill.
The iguana hisses angrily.
There is a stone staircase leading down here.
You hit the iguana but do no damage. The iguana bites you.
* * * LOW HITPOINT WARNING * * *
You catch the helpless iguana completely off-guard!
You hit the iguana. You burn the iguana.
The iguana is heavily wounded.
You hit the iguana. You burn the iguana.
The iguana is severely wounded.
You hit the iguana. You burn the iguana.
The iguana is severely wounded.
The iguana seems less confused.
The iguana bites you.
* * * LOW HITPOINT WARNING * * *
You hit the iguana. You burn the iguana.
The iguana is almost dead.
The iguana bites you!
You die...
Your body rises from the dead as a mindless zombie.

.... #...## ##..#. .....
...# #..# ...#####..#
#....l@..#
################≈#
.........## #.#
#.........#######%#
#..##......)....#(######
#.........#####........#
#..##.....# ##...#####
#.........# #......#
#..#.#.##.# #.####.#


You could see an iguana.

Vanquished Creatures
  Sigmund (D:3)
  A sky beast (D:5)
  A phantom (D:4)
  3 ogres (D:4)
  2 centaurs (D:5)
  2 hounds
  6 orc priests
  An orc wizard (D:4)
  2 bullfrog skeletons (D:5)
  Jessica (D:3)
  2 iguanas (D:4)
  Natasha (D:2)
  2 worker ants (D:5)
  3 adders
  A shadow imp (D:5)
  An ooze (D:2)
  4 worms
  3 dart slugs
  4 leopard geckos
  10 orcs
  3 ball pythons
  6 bats
  9 giant cockroaches
  9 goblins
  9 hobgoblins
  3 kobolds
  6 frilled lizards
  3 rats
99 creatures vanquished.

Notes
Turn   | Place    | Note
-------+----------+-------------------------------------------
     0 | D:1      | KristoblXynda the Draconian Venom Mage began the quest for the Orb.
     0 | D:1      | Reached XP level 1. HP: 14/14 MP: 3/3
    90 | D:1      | Reached skill level 1 in Unarmed Combat
   101 | D:1      | Reached XP level 2. HP: 8/20 MP: 0/5
   701 | D:1      | Reached XP level 3. HP: 24/26 MP: 4/6
  1048 | D:2      | Learned a level 3 spell: Mephitic Cloud
  1331 | D:2      | Found a burning altar of Makhleb.
  1340 | D:2      | Reached XP level 4. HP: 26/33 MP: 0/8
  1729 | D:2      | Noticed Natasha
  1753 | D:2      | Killed Natasha
  1759 | D:2      | Reached XP level 5. HP: 27/38 MP: 1/9
  2399 | D:3      | Noticed Jessica
  2408 | D:3      | Killed Jessica
  2817 | D:3      | Noticed Sigmund
  2853 | D:3      | Killed Sigmund
  2853 | D:3      | Reached skill level 1 in Short Blades
  2853 | D:3      | Reached XP level 6. HP: 30/45 MP: 7/11
  3334 | D:4      | Noticed Borgoz's ghost (amateur GrAK)
  3381 | D:4      | Your scales start taking on a dull iron-grey colour.
  3381 | D:4      | Reached XP level 7. HP: 29/50 MP: 9/13
  3381 | D:4      | Gained mutation: You can survive without breathing. [Grey Draconian growth]
  4038 | D:4      | Reached skill level 5 in Spellcasting
  4246 | D:4      | Reached skill level 5 in Conjurations
  4485 | D:5      | Entered Level 5 of the Dungeon
  4568 | D:5      | Found a staircase to the Ecumenical Temple.
  4606 | Temple   | Entered the Ecumenical Temple
  4767 | Temple   | Became a worshipper of Yredelemnul the Dark
  4845 | D:5      | Reached XP level 8. HP: 52/57 MP: 15/15
  5731 | D:5      | Slain by an iguana

Vault maps used:
D:1:      matt_arrival_refuge, chequers_big_river
D:2:      first_bread, makhleb_blood_cavern_becter, uniq_natasha
D:3:      uniq_sigmund, uniq_jessica
D:5:      minmay_temple_entry_overgrown, serial_co_window_serial,
          co_window_paths_b, co_window_paths_b, co_window_paths_a,
          co_window_of_opportunity_a, co_window_paths_b, co_window_corner_a,
          co_window_broadway_a, co_window_paths_c, co_window_unsneaky_path_d,
          glass_columns_c, glass_columns_a
Temple:   nicolae_temple_elliptical

Skill      XL: |  1  2  3  4  5  6  7  8 |
---------------+-------------------------+-----
Unarmed Combat | 1 2 3 |  3.7
Conjurations   | 2 3 4 5 |  5.6
Spellcasting   | 3 4 5 |  5.7
Short Blades   | 1 2 3 4 |  4.6
Dodging        | |  1.7
Stealth        | |  1.7
Poison Magic   | |  3.0

Action                   |  1- 3 |  4- 6 |  7- 9 || total
-------------------------+-------+-------+-------++-------
Melee: Unarmed           |    76 |    67 |       ||   143
       Tailslap          |     7 |    16 |    17 ||    40
       Dagger            |       |    61 |   241 ||   302
       Morningstar       |       |     5 |       ||     5
       Punch             |       |     1 |     2 ||     3
 Cast: Sting             |    34 |    75 |   121 ||   230
       Mephitic Cloud    |       |     2 |     4 ||     6
  Use: Scroll            |       |    11 |     4 ||    15
       Potion            |       |       |     1 ||     1
 Stab: Sleeping          |     1 |     1 |       ||     2
       Confused          |       |     2 |     3 ||     5
  Eat: Chunk             |     2 |     6 |     2 ||    10
       Royal jelly       |       |     1 |       ||     1
       Fruit             |       |       |     4 ||     4
       Meat ration       |       |       |     1 ||     1
Armor: Skin              |    28 |    38 |    85 ||   151
Dodge: Dodged            |    51 |    82 |   137 ||   270
